 Dungeon Crawl Stone Soup version 0.21-a0-538-gd16b88a (webtiles) character file.

655 tidbits the Digger (level 7, -2/76 HPs)
             Began as a Gnoll Earth Elementalist on Dec 15, 2017.
             Splashed by an acid dragon's acid (5 damage)
             ... on level 7 of the Dungeon.
             The game lasted 00:07:37 (849 turns).

tidbits the Digger (Gnoll Earth Elementalist)        Turns: 849, Time: 00:07:37

Health: -2/76      AC: 23    Str: 15    XL:     7   Next: 54%
Magic:  15/15      EV:  2    Int: 25    God:
Gold:   125        SH:  0    Dex: 15    Spells: 11/17 levels left

rFire    . . .     SeeInvis .   y - -1 dagger (curse)
rCold    . . .     Gourm    .   (no shield)
rNeg     + + +     Faith    .   (armour currently unavailable)
rPois    +         Spirit   .   (helmet currently unavailable)
rElec    .         Reflect  .   (cloak currently unavailable)
rCorr    +         Harm     .   (gloves currently unavailable)
MR       .....     NoTele   +   (boots currently unavailable)
Stlth    ++........             (no amulet)
HPRegen  0.22/turn              z - ring of resist corrosion
MPRegen  0.14/turn              l - ring of teleportation (curse)

@: mighty, brilliant, tree-form, silence
A: distributed training, strong nose
a: no special abilities


You were on level 7 of the Dungeon.
You were not hungry.
You were a tree.
You visited 1 branch of the dungeon, and saw 7 of its levels.

You collected 125 gold pieces.

Inventory:

Hand Weapons
 f - a +0 dagger
 v - a +0 quarterstaff
 y - a cursed -1 dagger (weapon)
Missiles
 b - 11 stones (quivered)
 o - 11 arrows
Armour
 c - a +0 robe
 i - a cursed +0 pair of gloves (melded)
 B - a +0 leather armour of cold resistance (melded)
   (You found it on level 1 of the Dungeon)
Jewellery
 g - an uncursed ring of protection from magic
   (You found it on level 2 of the Dungeon)
 l - a cursed ring of teleportation (right branch)
   (You found it on level 3 of the Dungeon)
 z - a ring of resist corrosion (left branch)
   (You found it on level 6 of the Dungeon)
Wands
 q - a wand of acid (1)
Scrolls
 j - a scroll of immolation {unknown}
 k - a scroll of remove curse {unknown}
 m - a scroll of noise
 n - a scroll of fear
 s - a scroll of blinking {unknown}
 t - a scroll of teleportation {unknown}
 A - a scroll of silence
Potions
 a - a potion of cancellation
 h - a potion of magic
 p - a potion of might
Books
 e - a book of Geomancy

   Spells                             Type                      Level
   a - Sandblast                      Earth                        1
   b - Passwall                       Transmutation/Earth          2
   c - Stone Arrow                    Conjuration/Earth            3
   d - Petrify                        Transmutation/Earth          4
   e - Lee's Rapid Deconstruction     Earth                        5
Comestibles
 d - a bread ration
 r - 2 meat rations
 u - a royal jelly


   Skills:
 + Level 2.5 Fighting
 + Level 2.5 Short Blades
 + Level 2.5 Long Blades
 + Level 2.5 Axes
 + Level 2.5 Maces & Flails
 + Level 2.5 Polearms
 + Level 2.5 Staves
 + Level 2.5 Slings
 + Level 2.5 Bows
 + Level 2.5 Crossbows
 + Level 2.5 Throwing
 + Level 2.5 Armour
 + Level 5.2 Dodging
 + Level 4.9 Stealth
 + Level 2.5 Shields
 + Level 2.5 Unarmed Combat
 + Level 5.6 Spellcasting
 + Level 2.0 Conjurations
 + Level 2.0 Hexes
 + Level 2.0 Charms
 + Level 2.0 Summonings
 + Level 2.0 Necromancy
 + Level 2.0 Translocations
 + Level 3.0 Transmutations
 + Level 2.0 Fire Magic
 + Level 2.0 Ice Magic
 + Level 2.0 Air Magic
 + Level 5.8 Earth Magic
 + Level 2.0 Poison Magic
 + Level 2.8 Invocations
 + Level 2.5 Evocations


You had 11 spell levels left.
You knew the following spells:

 Your Spells              Type           Power        Failure   Level  Hunger
a - Sandblast             Erth           ######       1%          1    None
t - Stone Arrow           Conj/Erth      #####.       1%          3    #......
w - Passwall              Tmut/Erth      #####.....   1%          2    None


Dungeon Overview and Level Annotations

Branches:
Dungeon (7/15)
 Temple: D:4-7

Altars:
Xom


Innate Abilities, Weirdness & Mutations

Your experience applies equally to all skills.
((You have very sharp teeth.))
Your uncanny sense of smell can sniff out nearby items.


Message History

Here: a vampire mosquito (silenced)
An open door.
Evoke which item? (* to show all) (? for menu, Esc to quit)
Aiming: Corrosive Bolt
Press: ? - help, Shift-Dir - straight line, f - sky beast, p - vampire mosquito
Aim: a sky beast (silenced, severely wounded, covered in acid)
The bolt of acid hits the vampire mosquito.
The vampire mosquito is splashed with acid.
The acid corrodes the vampire mosquito!
The vampire mosquito is almost destroyed.
The bolt of acid hits the sky beast.
The sky beast is splashed with acid.
The acid corrodes the sky beast!
You kill the sky beast!
You have reached level 7!
The vampire mosquito closely misses you. x2
The vampire mosquito misses you.
Evoke which item? (* to show all) (? for menu, Esc to quit)
Aiming: Corrosive Bolt
Press: ? - help, Shift-Dir - straight line, f - acid dragon
Aim: an acid dragon (silenced)
The bolt of acid hits the vampire mosquito.
The vampire mosquito is splashed with acid.
You destroy the vampire mosquito!
Your Conjurations skill increases to level 2!
Your Hexes skill increases to level 2!
Your Charms skill increases to level 2!
Your Summonings skill increases to level 2!
Your Necromancy skill increases to level 2!
Your Translocations skill increases to level 2!
Your Transmutations skill increases to level 3!
Your Fire Magic skill increases to level 2!
Your Ice Magic skill increases to level 2!
Your Air Magic skill increases to level 2!
Your Poison Magic skill increases to level 2!
The bolt of acid misses the howler monkey.
The bolt of acid misses the acid dragon.
Unknown command.
You barely miss the howler monkey. The howler monkey closely misses you.
The howler monkey hits you.
You open the door.
A bullfrog, a big kobold and an ogre come into view.
The howler monkey hits you.
You close the door.
The howler monkey barely misses you. The acid dragon spits acid at you.
The splash of acid hits you! You resist.
* * * LOW HITPOINT WARNING * * *
You are splashed with acid!
The acid burns!
You resist.
* * * LOW HITPOINT WARNING * * *
The howler monkey completely misses you.
It was a potion of might.
You feel very mighty all of a sudden.
The acid dragon bites you but does no damage.
The acid dragon barely misses you. The howler monkey barely misses you.
It was a potion of magic.
Magic courses through your body. The acid dragon bites you!
* * * LOW HITPOINT WARNING * * *
The acid dragon closely misses you. The howler monkey hits you.
* * * LOW HITPOINT WARNING * * *
It was a potion of lignification.
You turn into a tree.
Your cursed +0 pair of gloves melds into your body.
Your +0 leather armour of cold resistance melds into your body.
You feel less resistant to cold.
Your roots penetrate the ground.
The howler monkey hits you but does no damage.
The acid dragon barely misses you.
The acid dragon claws you but does no damage.
You cannot cast spells when silenced!
Evoke which item? (* to show all) (? for menu, Esc to quit)
Aiming: Corrosive Bolt
Press: ? - help, Shift-Dir - straight line, f - howler monkey, p - acid dragon
Aim: a howler monkey (silenced)
The bolt of acid hits the howler monkey.
The howler monkey is splashed with acid.
The acid corrodes the howler monkey!
The howler monkey is heavily wounded.
The howler monkey hits you but does no damage.
The acid dragon bites you but does no damage.
The acid dragon claws you but does no damage.
You can't unwield your weapon to draw a new one!
Unknown command.
Okay, then.
Evoke which item? (* to show all) (? for menu, Esc to quit)
Aiming: Corrosive Bolt
Press: ? - help, Shift-Dir - straight line, f/p - howler monkey
Aim: a howler monkey (silenced, heavily wounded, covered in acid)
The bolt of acid hits the howler monkey.
The howler monkey is splashed with acid.
The acid corrodes the howler monkey!
You kill the howler monkey!
The acid dragon bites you.
* * * LOW HITPOINT WARNING * * *
The acid dragon claws you.
* * * LOW HITPOINT WARNING * * *
Unknown command.
Okay, then.
It was a potion of brilliance.
You feel clever all of a sudden. The acid dragon spits acid at you.
The splash of acid hits you! You resist.
* * * LOW HITPOINT WARNING * * *
You are splashed with acid!
The acid burns!
You resist.
You die...

∆∆∆∆ ∆∆∆∆ ##### ∆∆∆∆
O...+ ∆∆∆∆ .F..# ∆∆∆∆
..K.# ∆∆∆∆ ...
+##############+####
.....[...#8...♣....#
∆
.........#...D.....#
.......%.#......)..#
........†'†.......8#
#####################
#.>........#
#..........#
#..........#
#..........#


You could see an acid dragon.

Vanquished Creatures
  A vampire mosquito (D:7)
  A sky beast (D:7)
  2 bullfrogs (D:6)
  A howler monkey (D:7)
  A crimson imp (D:6)
  2 hounds (D:6)
  An orc priest (D:6)
  2 orc wizards (D:6)
  A worker ant (D:2)
  A gnoll (D:1)
  2 adders
  A dart slug (D:3)
  A leopard gecko (D:2)
  11 orcs
  2 bats
  2 giant cockroaches
  A goblin (D:2)
  A quokka (D:6)
  3 frilled lizards
  4 kobolds
  A leopard gecko zombie (D:3)
42 creatures vanquished.

Vanquished Creatures (others)
  An ogre (D:6)
  A bullfrog (D:6)
  A hound (D:6)
3 creatures vanquished.

Grand Total: 45 creatures vanquished

Notes
Turn   | Place    | Note
-------+----------+-------------------------------------------
     0 | D:1      | tidbits the Gnoll Earth Elementalist began the quest for the Orb.
     0 | D:1      | Reached XP level 1. HP: 13/13 MP: 6/6
   132 | D:1      | Reached skill level 2 in Transmutations
   132 | D:1      | Reached XP level 2. HP: 20/20 MP: 4/7
   137 | D:1      | Learned a level 2 spell: Passwall
   217 | D:2      | Reached skill level 5 in Spellcasting
   217 | D:2      | Reached XP level 3. HP: 25/25 MP: 3/9
   219 | D:2      | Reached skill level 1 in Invocations
   273 | D:2      | Found a faded altar of an unknown god.
   405 | D:3      | Reached skill level 1 in Fighting
   405 | D:3      | Reached skill level 1 in Short Blades
   405 | D:3      | Reached skill level 1 in Long Blades
   405 | D:3      | Reached skill level 1 in Axes
   405 | D:3      | Reached skill level 1 in Maces & Flails
   405 | D:3      | Reached skill level 1 in Polearms
   405 | D:3      | Reached skill level 1 in Staves
   405 | D:3      | Reached skill level 1 in Slings
   405 | D:3      | Reached skill level 1 in Bows
   405 | D:3      | Reached skill level 1 in Crossbows
   405 | D:3      | Reached skill level 1 in Throwing
   405 | D:3      | Reached skill level 1 in Armour
   405 | D:3      | Reached skill level 1 in Shields
   405 | D:3      | Reached skill level 1 in Unarmed Combat
   405 | D:3      | Reached skill level 1 in Evocations
   407 | D:3      | Reached XP level 4. HP: 31/32 MP: 4/11
   593 | D:5      | Entered Level 5 of the Dungeon
   641 | D:6      | Killed a bullfrog
   651 | D:6      | Killed an ogre
   663 | D:6      | Reached skill level 1 in Conjurations
   663 | D:6      | Reached skill level 1 in Hexes
   663 | D:6      | Reached skill level 1 in Charms
   663 | D:6      | Reached skill level 1 in Summonings
   663 | D:6      | Reached skill level 1 in Necromancy
   663 | D:6      | Reached skill level 1 in Translocations
   663 | D:6      | Reached skill level 1 in Fire Magic
   663 | D:6      | Reached skill level 1 in Ice Magic
   663 | D:6      | Reached skill level 1 in Air Magic
   663 | D:6      | Reached skill level 1 in Poison Magic
   676 | D:6      | Reached XP level 5. HP: 33/37 MP: 5/12
   703 | D:6      | Reached skill level 2 in Invocations
   703 | D:6      | Reached XP level 6. HP: 29/44 MP: 4/13
   708 | D:6      | Learned a level 3 spell: Stone Arrow
   725 | D:6      | Reached skill level 2 in Fighting
   725 | D:6      | Reached skill level 2 in Short Blades
   725 | D:6      | Reached skill level 2 in Long Blades
   725 | D:6      | Reached skill level 2 in Axes
   725 | D:6      | Reached skill level 2 in Maces & Flails
   725 | D:6      | Reached skill level 2 in Polearms
   725 | D:6      | Reached skill level 2 in Staves
   725 | D:6      | Reached skill level 2 in Slings
   725 | D:6      | Reached skill level 2 in Bows
   725 | D:6      | Reached skill level 2 in Crossbows
   725 | D:6      | Reached skill level 2 in Throwing
   725 | D:6      | Reached skill level 2 in Armour
   725 | D:6      | Reached skill level 5 in Dodging
   725 | D:6      | Reached skill level 2 in Shields
   725 | D:6      | Reached skill level 2 in Unarmed Combat
   725 | D:6      | Reached skill level 2 in Evocations
   767 | D:6      | Found a shimmering altar of Xom.
   828 | D:7      | Noticed a vampire mosquito
   828 | D:7      | Noticed a sky beast
   828 | D:7      | Noticed an acid dragon
   835 | D:7      | Killed a sky beast
   835 | D:7      | Reached XP level 7. HP: 33/50 MP: 11/15
   837 | D:7      | Killed a vampire mosquito
   837 | D:7      | Reached skill level 2 in Conjurations
   837 | D:7      | Reached skill level 2 in Hexes
   837 | D:7      | Reached skill level 2 in Charms
   837 | D:7      | Reached skill level 2 in Summonings
   837 | D:7      | Reached skill level 2 in Necromancy
   837 | D:7      | Reached skill level 2 in Translocations
   837 | D:7      | Reached skill level 3 in Transmutations
   837 | D:7      | Reached skill level 2 in Fire Magic
   837 | D:7      | Reached skill level 2 in Ice Magic
   837 | D:7      | Reached skill level 2 in Air Magic
   837 | D:7      | Reached skill level 2 in Poison Magic
   848 | D:7      | HP: 7/76 [acid dragon (1)]
   849 | D:7      | HP: 3/76 [acid dragon/splash of acid (5)]
   849 | D:7      | Splashed by an acid dragon's acid

Vault maps used:
D:1:      elethiomel_arrival_infinity_welcomes_careful_drivers, st_stairs_5
D:2:      chequers_ecumenical_altar_simple_redux, dk_noncrumbling_4, uniq_robin
D:4:      minmay_temple_entry_junction_2, first_bread, serial_shops, shop
D:6:      xom_confusion_cloud
D:7:      minmay_klotski, minitemple, lemuel_crystal_altar,
          uniq_crazy_yiuf_cottage, uniq_pikel

Skill      XL: |  1  2  3  4  5  6  7 |
---------------+----------------------+-----
Transmutations | 2 3 |  3.0
Spellcasting   | 5 |  5.6
Invocations    | 1 2 |  2.8
Fighting       | 1 2 |  2.5
Short Blades   | 1 2 |  2.5
Long Blades    | 1 2 |  2.5
Axes           | 1 2 |  2.5
Maces & Flails | 1 2 |  2.5
Polearms       | 1 2 |  2.5
Staves         | 1 2 |  2.5
Slings         | 1 2 |  2.5
Bows           | 1 2 |  2.5
Crossbows      | 1 2 |  2.5
Throwing       | 1 2 |  2.5
Armour         | 1 2 |  2.5
Shields        | 1 2 |  2.5
Unarmed Combat | 1 2 |  2.5
Evocations     | 1 2 |  2.5
Conjurations   | 1 2 |  2.0
Hexes          | 1 2 |  2.0
Charms         | 1 2 |  2.0
Summonings     | 1 2 |  2.0
Necromancy     | 1 2 |  2.0
Translocations | 1 2 |  2.0
Fire Magic     | 1 2 |  2.0
Ice Magic      | 1 2 |  2.0
Air Magic      | 1 2 |  2.0
Poison Magic   | 1 2 |  2.0
Dodging        | 5 |  5.2
Stealth        | |  4.9
Earth Magic    | |  5.8

Action                   |  1- 3 |  4- 6 |  7- 9 || total
-------------------------+-------+-------+-------++-------
Melee: Quarterstaff      |       |    11 |       ||    11
       Unarmed           |       |     2 |       ||     2
       Bite              |       |     1 |       ||     1
       Dagger            |       |       |     1 ||     1
 Cast: Sandblast         |    21 |    37 |       ||    58
       Passwall          |     3 |     2 |       ||     5
Evoke: Wand              |       |     2 |     4 ||     6
  Use: Scroll            |     3 |     4 |       ||     7
       Potion            |       |       |     4 ||     4
 Stab: Sleeping          |       |     1 |       ||     1
Armor: Leather armour    |     1 |     4 |     1 ||     6
       Skin              |       |       |     5 ||     5
Dodge: Dodged            |     5 |    21 |    10 ||    36

Table legend:
 A = Spawn XP
 B = Non-spawn XP
 C = Spawn XP percentage of total XP
 D = Spawn monster count
 E = Non-spawn monster count
 F = Spawn count percentage of total count
 G = Total turns spent on level
                    A         B        C        D         E        F      G
               +---------+---------+-------+---------+---------+-------+---------
         Total |       0 |     937 |   0.0 |       0 |      42 |   0.0 |   849
               +---------+---------+-------+---------+---------+-------+---------
           D:1 |       0 |      18 |   0.0 |       0 |       4 |   0.0 |   169
           D:2 |       0 |      40 |   0.0 |       0 |       5 |   0.0 |   124
           D:3 |       0 |      44 |   0.0 |       0 |      14 |   0.0 |   272
           D:4 |       0 |       4 |   0.0 |       0 |       2 |   0.0 |    28
           D:5 |       0 |       2 |   0.0 |       0 |       1 |   0.0 |    41
           D:6 |       0 |     467 |   0.0 |       0 |      13 |   0.0 |   184
           D:7 |       0 |     362 |   0.0 |       0 |       3 |   0.0 |    31
               +---------+---------+-------+---------+---------+-------+---------

Table legend:
 A = Turns spent in this place as a percentage of turns spent in the entire game.
 B = Non-inter-level travel turns spent in this place as a percentage of non-inter-level travel turns spent in the entire game.
 C = Inter-level travel turns spent in this place as a percentage of turns spent in this place.
 D = Turns resting spent in this place as a percentage of non-inter-level travel turns spent in this place.
 E = Turns spent auto-exploring this place as a percentage of non-inter-level travel turns spent in this place.
 F = Non-inter-level travel turns spent in this place divided by the number of levels of this place that you've seen.
                   A       B       C       D       E      F
               +-------+-------+-------+-------+-------+----------------------
         Total | 100.0 | 100.0 |   1.9 |   0.0 |   0.0 | 119.0
       Dungeon | 100.0 | 100.0 |   1.9 |   0.0 |   0.0 | 119.0
               +-------+-------+-------+-------+-------+----------------------

Table legend:
 A = Kills in this place as a percentage of kills in entire the game.
 B = Kills by you in this place as a percentage of kills by you in the entire game.
 C = Kills by friends in this place as a percentage of kills by friends in the entire game.
 D = Other kills in this place as a percentage of other kills in the entire game.
 E = Experience gained in this place as a percentage of experience gained in the entire game.
 F = Experience gained in this place divided by the number of levels of this place that you have seen.
                   A       B       C       D       E      F
               +-------+-------+-------+-------+-------+----------------------
         Total | 100.0 | 100.0 |   N/A |   N/A | 100.0 | 133.9
       Dungeon | 100.0 | 100.0 |   N/A |   N/A | 100.0 | 133.9
               +-------+-------+-------+-------+-------+----------------------

Vault maps used:
D:1:      elethiomel_arrival_infinity_welcomes_careful_drivers, st_stairs_5
D:2:      chequers_ecumenical_altar_simple_redux, dk_noncrumbling_4, uniq_robin
D:4:      minmay_temple_entry_junction_2, first_bread, serial_shops, shop
D:6:      xom_confusion_cloud
D:7:      minmay_klotski, minitemple, lemuel_crystal_altar,
          uniq_crazy_yiuf_cottage, uniq_pikel
